 Dungeon Crawl Stone Soup version 0.16.1-16-gc44b35d (webtiles) character file.

114336 Chiseanne the Ninja (level 16, -17/70 HPs)
             Began as a Spriggan Assassin on Apr 21, 2015.
             Was an Initiate of Gozag.
             Killed from afar by a greater naga (43 damage)
             ... with an orb of energy
             ... on level 5 of the Snake Pit on Apr 24, 2015.
             The game lasted 03:02:48 (38574 turns).

Chiseanne the Ninja (Spriggan Assassin)            Turns: 38574, Time: 03:02:48

Health: -17/70     AC:  5    Str:  9    XL:     16   Next: 16%
Magic:  16/16      EV: 51    Int: 13    God:    Gozag
Gold:   1788       SH: 12    Dex: 35    Spells: 1 memorised, 14 levels left

rFire  . . .     SeeInvis +     s - +7 short sword (elec)
rCold  . . .     Clarity  .     f - +2 robe {MR+}
rNeg   + . .     SustAb   .     v - +0 buckler
rPois  +         Gourm    .     (helmet restricted)
rElec  .         Spirit   .     X - +0 cloak "Miam" {rPois rCorr Str+2 Dex+2}
rCorr  +         Warding  .     (gloves unavailable)
rMut   .         Stasis   .     (boots unavailable)
MR     ++++.                    T - amulet of the Moon {MR+ Regen+ MP-9 Dex+6 SInv}
Stlth  ++++++++++               k - ring of Shaolin {EV+8}
                                R - ring "Houl" {Contam rPois rN+ Dex+3 Slay+4}

@: very quick, incredibly resistant to hostile enchantments, uncannily stealthy
A: unfitting armour, see invisible, herbivore 3, speed 3, slow metabolism 2
a: Potion Petition, Call Merchant, Bribe Branch, Renounce Religion


You were on level 5 of the Snake Pit.
You worshipped Gozag.
Gozag was noncommittal.
You were not hungry.

You visited 5 branches of the dungeon, and saw 33 of its levels.
You also visited: Sewer and Ossuary.

You collected 10593 gold pieces.
You spent 5508 gold pieces at shops.
You paid 3297 gold pieces to Gozag.

Inventory:

Hand weapons
 a - the +3 short sword of Autumn {venom, +Fly rElec MR+ Int+5}
   (You found it on level 10 of the Dungeon)

   It poisons the flesh of those it strikes.
   It affects your intelligence (+5).
   It insulates you from electricity.
   It affects your resistance to hostile enchantments.
   It lets you fly.
 d - a +0 falchion of holy wrath
 s - a +7 short sword of electrocution (weapon)
 w - a +0 blowgun
Missiles
 e - 32 poisoned needles
 m - 2 silver tomahawks (quivered)
 B - 4 poisoned tomahawks
 E - 4 throwing nets
 S - 10 curare-tipped needles
Armour
 f - a +2 robe of magic resistance (worn)
 v - a +0 buckler (worn)
 X - the +0 cloak "Miam" (worn) {rPois rCorr Str+2 Dex+2}
   (You bought it in a shop on level 10 of the Dungeon)

   It affects your strength (+2).
   It affects your dexterity (+2).
   It protects you from poison.
   It protects you from acid and corrosion.
Jewellery
 k - the ring of Shaolin (right hand) {EV+8}
   (You bought it in a shop on level 10 of the Dungeon)

   [ring of evasion]

   It affects your evasion (+8).
 A - an uncursed ring of protection from fire
 N - an uncursed ring of ice
 R - the ring "Houl" (left hand) {Contam rPois rN+ Dex+3 Slay+4}
   (You found it on level 10 of the Dungeon)

   [ring of slaying]

   It affects your dexterity (+3).
   It affects your accuracy and damage with ranged weapons and melee attacks
   (+4).
   It protects you from poison.
   It protects you from negative energy.
   It causes magical contamination when unequipped.
 T - the amulet of the Moon (around neck) {MR+ Regen+ MP-9 Dex+6 SInv}
   (You bought it in a shop on level 11 of the Dungeon)

   [amulet of regeneration]

   It affects your dexterity (+6).
   It affects your resistance to hostile enchantments.
   It affects your magic capacity (-9).
   It enhances your eyesight.
   It increases your rate of regeneration.
Magical devices
 c - a wand of draining (0)
 l - a wand of cold (9)
 y - a wand of lightning (4)
 D - a wand of digging (3)
 G - a wand of lightning (6)
 K - a wand of teleportation (3)
 U - a wand of digging (9)
Scrolls
 b - 6 scrolls of recharging
 o - 8 scrolls of teleportation
 r - 4 scrolls of fog
 u - 2 scrolls of magic mapping
 x - 2 scrolls of summoning
 C - a scroll of amnesia
 F - 3 scrolls of identify
 L - a scroll of silence
 O - 5 scrolls of remove curse
Potions
 h - 2 potions of lignification
 i - 8 potions of haste
 n - 14 potions of curing
 p - 2 potions of agility
 q - a potion of berserk rage
 t - 2 potions of might
 z - 7 potions of flight
 H - 6 potions of restore abilities
 I - 3 potions of ambrosia
 J - 2 potions of resistance
 M - a potion of invisibility
 Q - a potion of heal wounds
 Y - a potion of cancellation
Miscellaneous
 j - a stone of tremors
 P - a fan of gales
Comestibles
 g - 12 bread rations


   Skills:
 - Level 1.7 Fighting
 - Level 5.4 Short Blades
 - Level 2.1 Throwing
 * Level 19.9 Dodging
 O Level 27 Stealth
 * Level 11.3 Shields


You had 14 spell levels left.
You knew the following spells:

 Your Spells              Type           Power        Failure   Level  Hunger
a - Summon Butterflies    Summ           #.......     30%         1    ##.....


Dungeon Overview and Level Annotations

Branches:
Dungeon (15/15)            Temple (1/1) D:4            Lair (8/8) D:10
 Shoals (0/5) Lair:4        Snake (5/5) Lair:3        Slime (0/6) Lair:7
    Orc (4/4) D:10            Elf (0/3) Orc:3        Vaults (0/5) D:13
 Depths (0/5) D:15

Altars:
Ashenzari
Cheibriados
Dithmenos
Elyvilon
Fedhas
Gozag
Kikubaaqudgha
Makhleb
Nemelex Xobeh
Okawaru
Qazlal
Ru
Sif Muna
Trog
Vehumet
Xom
Yredelemnul
Zin
The Shining One

Shops:
D:4 [   D:8 (   D:9 (   D:10 =[   D:11 =   D:13 !   D:14 *   Orc:4 ?**(
Snake:3 [   Snake:5 *   Vaults:1 [   Vaults:2 [

Annotations:
Lair:6 exclusion: oklob plant
Lair:8 SaintRoka's ghost, powerful TeCj
Snake:4 ghwc's ghost, mighty TeWz


Innate Abilities, Weirdness & Mutations

You are tiny and cannot use many weapons and most armour.
You have supernaturally acute eyesight.
You are a herbivore.
You cover ground extremely quickly.
You need consume almost no food.


Message History

The greater naga misses you. The greater naga constricts you.
The greater naga completely misses you. You block the greater naga's attack.
The greater naga closely misses you. The greater naga constricts you.
You hit the greater naga.
There is a sudden explosion of sparks!
You kill the greater naga!
The greater naga casts a spell at you. The poison arrow misses you.
The greater naga spits poison at you. The splash of poison misses you.
The greater naga is distracted by the nearby gold.
The greater naga shouts!
The greater naga gestures wildly while chanting.
The greater naga seems to speed up.
The greater naga casts a spell at you. The poison arrow misses you.
The greater naga points at you and mumbles some strange words.
The orb of energy hits you!
Ouch! That really hurt!
You die...
Your body crumbles into a pile of gold.

*,,,.....#.........^.........*,,,
**,.......#.................*,,,,
***........##...$⌠...⌠....##,,,,,
* *.....N....##.$.......##...,,,,
* *#........$.$###...###.....,,,,
* ##.)......N....#.#........,,,,
* ##....$.........).........,,* *
##.#...NN.).)...........#,** *
#*####.##.@)...)..#.####** *
######.....###**
**#################.########*****
,,...............[..........,,,,,
,,..........................,,,,,
,...................###+###**,,,,
,#######..#########.#,,,,,,,*,,,,
##..#..#..# *+.#,,*,,,**,,,,
#......#..# *#.########..,,,


You could see 3 greater nagas.

Vanquished Creatures
  Norris (Snake:3)
  3 greater nagas
  Wiglaf (Snake:4)
  Snorg (Orc:3)
  A fire dragon (D:10)
  5 hydras
  6 naga warriors
  Nessos (D:14)
  2 ogre magi (Orc:4)
  4 catoblepae
  15 death yaks (Lair:8)
  A shock serpent (Snake:2)
  A tengu warrior (D:14)
  3 naga sharpshooters
  Urug (D:14)
  A salamander mystic (Snake:4)
  Nergalle (D:12)
  A skeletal warrior (D:15)
  2 deep trolls (Orc:4)
  2 hill giants
  A sphinx zombie (D:15)
  An unseen horror (D:14)
  A lindwurm (Lair:8)
  A necromancer (D:15)
  A harpy (shapeshifter) (D:13)
  A griffon (Lair:4)
  4 orc knights
  4 salamanders
  A mana viper (Snake:2)
  4 manticores
  4 elephants (Lair:3)
  A phantasmal warrior (D:15)
  2 fire giant zombies (D:15)
  5 cyclopes
  8 ugly things
  A black mamba (shapeshifter) (D:14)
  11 black mambas
  6 naga magi
  10 spiny frogs
  A guardian serpent (Snake:5)
  A queen ant (Lair:5)
  A gargoyle (D:13)
  A centaur skeleton (D:13)
  Psyche (D:9)
  2 efreet
  4 komodo dragons
  2 kobold demonologists (D:14)
  3 yaktaurs (D:15)
  A fire drake (D:10)
  A guardian mummy (D:15)
  A tengu conjurer (D:15)
  9 two-headed ogres
  A merfolk (Lair:4)
  A minotaur zombie (D:15)
  Sonja (D:13)
  3 polar bears
  8 trolls
  3 blink frogs (Lair:6)
  8 ravens
  3 slime creatures (D:12)
  A deep elf mage (D:14)
  2 basilisks
  5 wyverns
  2 shadows
  A golden eye (shapeshifter) (D:13)
  6 hungry ghosts
  41 yaks
  14 hippogriffs
  A mottled dragon (D:12)
  Grum (D:11)
  15 wargs
  3 vampire mosquitoes (D:13)
  6 soldier ants (Lair:5)
  16 wolves
  23 water moccasins
  26 nagas
  18 porcupines
  4 black bears
  25 orc warriors
  A wasp (D:12)
  3 ice beasts
  31 ogres
  4 centaurs
  A black bear (shapeshifter) (D:13)
  A phantom (D:9)
  A boring beetle (Lair:7)
  A sky beast (D:7)
  Sigmund (D:7)
  10 crocodiles
  3 big kobolds
  A brain worm (D:11)
  A gnoll sergeant (D:7)
  A wyvern zombie (D:13)
  26 giant frogs
  8 jellies
  3 scorpions
  4 wights (D:12)
  37 killer bees
  2 electric eels (Lair:1)
  3 crimson imps
  5 goliath beetles
  A vampire bat (Lair:2)
  A giant frog zombie (D:13)
  2 quasits
  3 human zombies (Ossuary)
  4 centaur zombies
  A giant frog skeleton (D:4)
  23 orc priests
  7 hounds
  7 iguanas
  25 orc wizards
  26 worker ants
  A killer bee zombie (D:7)
  A big kobold zombie (Ossuary)
  9 sheep
  2 hound skeletons (D:5)
  2 hound zombies (Ossuary)
  3 mummies (Ossuary)
  27 river rats
  A worker ant zombie (D:11)
  26 adders
  11 gnolls
  2 shadow imps
  2 giant mites
  2 worms
  2 adder zombies (Ossuary)
  An adder skeleton (D:4)
  6 giant geckos
  3 oozes
  220 orcs
  A gnoll zombie (Ossuary)
  20 goblins
  23 hobgoblins
  9 quokkas
  2 ball pythons
  19 bats
  5 giant cockroaches
  9 giant newts
  A giant spore (D:14)
  5 goblin zombies
  4 hobgoblin zombies (Ossuary)
  4 jackal zombies (Ossuary)
  23 kobolds
  3 kobold zombies (Ossuary)
  2 orc zombies (Ossuary)
  5 quokka zombies (Ossuary)
  17 rats
  5 rat zombies (Ossuary)
  A ballistomycete (D:14)
  A fungus (Lair:1)
  A plant (Lair:8)
1115 creatures vanquished.

Vanquished Creatures (collateral kills)
  A hill giant (Orc:4)
  An ugly thing (D:14)
  A troll (Orc:4)
3 creatures vanquished.

Vanquished Creatures (others)
  A wizard (D:13)
  A naga (Snake:5)
  An earth elemental (Orc:4)
  2 fungi
5 creatures vanquished.

Grand Total: 1123 creatures vanquished

Notes
Turn   | Place    | Note
--------------------------------------------------------------
     0 | D:1      | Chiseanne, the Spriggan Assassin, began the quest for the Orb.
     0 | D:1      | Reached XP level 1. HP: 10/10 MP: 2/2
    34 | D:1      | Reached skill level 6 in Stealth
   491 | D:1      | Reached XP level 2. HP: 14/14 MP: 4/4
   505 | D:1      | You fall through a shaft!
   548 | D:2      | Reached skill level 7 in Stealth
   570 | D:1      | Reached XP level 3. HP: 18/18 MP: 6/6
  1088 | D:1      | Reached skill level 8 in Stealth
  1388 | D:2      | Reached XP level 4. HP: 22/22 MP: 8/8
  1489 | D:2      | Reached skill level 9 in Stealth
  2124 | D:3      | Found a glowing golden altar of the Shining One.
  2366 | D:3      | Reached XP level 5. HP: 25/25 MP: 10/10
  2491 | D:3      | Found a burning altar of Makhleb.
  2491 | D:3      | Found a radiant altar of Vehumet.
  2581 | D:3      | Found a deep blue altar of Sif Muna.
  2988 | D:4      | Found a shattered altar of Ashenzari.
  3026 | D:4      | Noticed an ogre
  3057 | D:4      | Reached skill level 10 in Stealth
  3128 | D:4      | Found a staircase to the Ecumenical Temple.
  3170 | D:4      | Killed an ogre
  3170 | D:4      | Reached skill level 11 in Stealth
  3170 | D:4      | Reached XP level 6. HP: 30/30 MP: 12/12
  3213 | Temple   | Entered the Ecumenical Temple
  3308 | Temple   | Became a worshipper of Gozag Ym Sagoz the Greedy
  3348 | D:4      | Found a sand-covered staircase.
  3355 | Ossuary  | Entered an ossuary
  4303 | Ossuary  | Reached skill level 12 in Stealth
  4453 | Ossuary  | Reached XP level 7. HP: 17/33 MP: 14/14
  5109 | D:4      | Found a snail-covered altar of Cheibriados.
  5139 | D:4      | Noticed an ogre
  5212 | D:4      | Found Thoenkun's Antique Armour Emporium.
  5270 | D:4      | HP: 1/33 [poisoned by an adder]
  5615 | D:4      | Reached skill level 13 in Stealth
  5662 | D:4      | Killed an ogre
  5716 | D:5      | Entered Level 5 of the Dungeon
  5860 | D:5      | Found a glowing drain.
  5879 | Sewer    | Entered a sewer
  6359 | D:6      | Reached skill level 14 in Stealth
  6405 | D:6      | Reached XP level 8. HP: 37/37 MP: 16/16
  6847 | D:7      | Reached skill level 15 in Stealth
  7044 | D:7      | Reached skill level 5 in Dodging
  7386 | D:7      | Reached skill level 16 in Stealth
  7409 | D:7      | Learned a level 1 spell: Summon Butterflies
  7501 | D:7      | HP: 1/37 [killer bee zombie (6)]
  8089 | D:7      | Reached XP level 9. HP: 31/41 MP: 18/18
  8419 | D:7      | Noticed Sigmund
  8479 | D:7      | Killed Sigmund
  8479 | D:7      | Reached skill level 17 in Stealth
  8784 | D:8      | Found Pnue's Antique Weapon Shoppe.
  8791 | D:8      | Bought a glowing falchion for 69 gold pieces
  8998 | D:8      | Found a sacrificial altar of Ru.
  8998 | D:8      | Found a bloodstained altar of Trog.
  9610 | D:8      | Reached skill level 18 in Stealth
 10080 | D:8      | Reached XP level 10. HP: 34/46 MP: 19/19
 10210 | D:9      | Found Gusy's Antique Weapon Boutique.
 11089 | D:8      | Reached skill level 19 in Stealth
 11121 | D:8      | Reached skill level 10 in Dodging
 11427 | D:9      | Noticed Psyche
 11461 | D:9      | Killed Psyche
 11873 | D:9      | Found a sparkling altar of Nemelex Xobeh.
 12920 | D:10     | Entered Level 10 of the Dungeon
 13023 | D:10     | Reached skill level 5 in Short Blades
 13053 | D:10     | Noticed an eight-headed hydra
 13057 | D:10     | Noticed a fire dragon
 13064 | D:10     | Killed a fire dragon
 13069 | D:10     | Got a coiled marble ring
 13089 | D:10     | Killed an eight-headed hydra
 13089 | D:10     | Reached skill level 20 in Stealth
 13089 | D:10     | Reached XP level 11. HP: 49/49 MP: 20/20
 13202 | D:10     | Got an ancient dagger
 13251 | D:10     | Found a staircase to the Lair.
 13350 | D:10     | Got an ebony short sword
 13441 | D:10     | Found Weitwuico's Armour Boutique.
 13443 | D:10     | Found a staircase to the Orcish Mines.
 13447 | D:10     | Noticed an orc knight
 13511 | D:10     | Killed an orc knight
 13954 | D:10     | Bought the +0 cloak "Miam" {rPois rCorr Str+2 Dex+2} for 326 gold pieces
 14305 | D:10     | Reached skill level 21 in Stealth
 15067 | D:10     | Found Itiph's Jewellery Shop.
 15636 | D:11     | Found Jileh's Jewellery Emporium.
 15645 | D:11     | Bought the amulet of the Moon {MR+ Regen+ MP-9 Dex+6 SInv} for 712 gold pieces
 15838 | D:11     | Noticed Grum
 15853 | D:11     | Identified the +3 dagger "Atwul" {pierce, Dex+4} (You found it on level 10 of the Dungeon)
 15854 | D:11     | Identified the cursed +3 short sword of Autumn {venom, +Fly rElec MR+ Int+5} (You found it on level 10 of the Dungeon)
 15980 | D:11     | Killed Grum
 16036 | D:11     | Noticed a hill giant
 16042 | D:11     | Killed a hill giant
 16349 | D:11     | Reached skill level 22 in Stealth
 16853 | Lair:1   | Entered Level 1 of the Lair of Beasts
 17181 | Lair:1   | Reached skill level 23 in Stealth
 17313 | Lair:1   | Reached XP level 12. HP: 53/53 MP: 12/21
 18276 | Lair:1   | Reached skill level 24 in Stealth
 19450 | Lair:3   | Identified a scroll of acquirement
 19453 | Lair:3   | Got a shadowed robe
 19627 | Lair:3   | Found a staircase to the Snake Pit.
 19851 | Lair:3   | Reached skill level 25 in Stealth
 21207 | Lair:4   | Found a staircase to the Shoals.
 21216 | Lair:4   | Reached skill level 26 in Stealth
 21437 | Lair:4   | You fall through a shaft for 3 floors!
 22122 | Lair:5   | Identified the +0 robe of the Archfiend {Str+2} (You acquired it on level 3 of the Lair of Beasts)
 22175 | Lair:5   | Reached XP level 13. HP: 57/57 MP: 13/22
 23396 | Lair:6   | Identified the ring "Houl" {Contam rPois rN+ Dex+3 Slay+4} (You found it on level 10 of the Dungeon)
 23715 | Lair:7   | Reached skill level 27 in Stealth
 23840 | Lair:7   | Noticed a seven-headed hydra
 23847 | Lair:7   | Killed a seven-headed hydra
 23894 | Lair:7   | Identified Efuhu's Grimoire of Translocation (You found it on level 7 of the Lair of Beasts)
 24022 | Lair:7   | Found a staircase to the Slime Pits.
 24033 | Lair:7   | Noticed a seven-headed hydra
 24048 | Lair:7   | Killed a seven-headed hydra
 24717 | Lair:8   | Entered Level 8 of the Lair of Beasts
 24793 | Lair:8   | Noticed SaintRoka's ghost (powerful TeCj)
 24977 | Lair:8   | Reached skill level 15 in Dodging
 25806 | Lair:8   | Reached XP level 14. HP: 51/61 MP: 14/23
 26899 | Orc:1    | Entered Level 1 of the Orcish Mines
 26998 | Orc:1    | Found a burning altar of Makhleb.
 28026 | D:10     | Bought the ring of Shaolin {EV+8} for 2048 gold pieces
 28991 | Orc:3    | Found a staircase to the Elven Halls.
 29264 | Orc:3    | Noticed Snorg
 29270 | Orc:3    | Killed Snorg
 29667 | Orc:4    | Entered Level 4 of the Orcish Mines
 30060 | Orc:4    | Found Xeavuile's Assorted Antiques.
 30065 | Orc:4    | Found Smaah's Magic Scroll Shop.
 30193 | Orc:4    | Reached skill level 1 in Shields
 30745 | Orc:4    | Found Ghaijept's Antique Weapon Shoppe.
 30749 | Orc:4    | Found Skiwoaxt's Assorted Antiques.
 30760 | Orc:4    | Bought 2 potions of curing for 156 gold pieces
 30760 | Orc:4    | Bought a scroll of identify for 52 gold pieces
 30760 | Orc:4    | Bought a brown potion for 23 gold pieces
 30760 | Orc:4    | Bought a scroll of identify for 52 gold pieces
 30760 | Orc:4    | Bought a scroll of teleportation for 78 gold pieces
 30988 | Orc:4    | Bought a scroll of identify for 24 gold pieces
 30988 | Orc:4    | Bought a scroll of silence for 90 gold pieces
 30988 | Orc:4    | Bought a scroll of enchant armour for 90 gold pieces
 30988 | Orc:4    | Bought a scroll of enchant armour for 90 gold pieces
 30988 | Orc:4    | Bought a scroll of remove curse for 36 gold pieces
 30988 | Orc:4    | Bought a scroll of recharging for 114 gold pieces
 30988 | Orc:4    | Bought a scroll of enchant weapon for 90 gold pieces
 30988 | Orc:4    | Bought a scroll of immolation for 42 gold pieces
 30988 | Orc:4    | Bought a scroll of remove curse for 36 gold pieces
 31033 | Orc:4    | Bought a scroll of identify for 64 gold pieces
 31033 | Orc:4    | Bought a scroll of amnesia for 112 gold pieces
 31033 | Orc:4    | Bought a potion of brilliance for 128 gold pieces
 31596 | D:12     | Reached skill level 5 in Shields
 31771 | D:12     | Noticed an eight-headed hydra
 31777 | D:12     | Killed an eight-headed hydra
 31937 | D:12     | Noticed Nergalle
 31957 | D:12     | Killed Nergalle
 33035 | D:13     | Noticed Sonja
 33037 | D:13     | Killed Sonja
 33308 | D:13     | Reached XP level 15. HP: 51/65 MP: 15/24
 33618 | D:13     | Gained mutation: Your body is slowly deteriorating. [a shining eye]
 33724 | D:13     | Found a gate to the Vaults.
 33736 | D:13     | Found Berhidug's Distillery.
 33777 | D:13     | Bought a potion of curing for 42 gold pieces
 33777 | D:13     | Bought a potion of curing for 42 gold pieces
 33777 | D:13     | Bought 2 potions of degeneration for 28 gold pieces
 33777 | D:13     | Bought a potion of cancellation for 112 gold pieces
 33777 | D:13     | Bought a potion of restore abilities for 70 gold pieces
 33777 | D:13     | Bought 2 potions of haste for 280 gold pieces
 33777 | D:13     | Bought 2 potions of agility for 112 gold pieces
 33857 | D:13     | Found a bloodstained altar of Trog.
 34043 | D:14     | Noticed Nessos
 34045 | D:14     | Found Rirghun's Assorted Antiques.
 34051 | D:14     | Killed Nessos
 34086 | D:14     | Bought a scroll of remove curse for 78 gold pieces
 34086 | D:14     | Bought a scroll of remove curse for 78 gold pieces
 34086 | D:14     | Bought a scroll of identify for 52 gold pieces
 34086 | D:14     | Bought a granite ring for 130 gold pieces
 34086 | D:14     | Bought a scroll of identify for 52 gold pieces
 34608 | D:14     | Noticed Urug
 34619 | D:14     | Killed Urug
 35057 | D:15     | Entered Level 15 of the Dungeon
 35728 | D:15     | Found a staircase to the Depths.
 36295 | D:15     | HP: 3/65 [minotaur zombie (8)]
 36933 | Lair:1   | Lost mutation: Your body is slowly deteriorating. [potion of cure mutation]
 37113 | Snake:1  | Entered Level 1 of the Snake Pit
 37408 | Snake:3  | Reached skill level 10 in Shields
 37413 | Snake:3  | Found Crikob's Antique Armour Boutique.
 37518 | Snake:3  | Noticed Norris
 37537 | Snake:3  | Killed Norris
 37659 | Snake:4  | Noticed Wiglaf
 37663 | Snake:4  | Killed Wiglaf
 37780 | Snake:5  | Entered Level 5 of the Snake Pit
 37898 | Snake:4  | Noticed ghwc's ghost (mighty TeWz)
 38212 | Snake:4  | Reached XP level 16. HP: 70/70 MP: 16/25
 38351 | Snake:5  | Found Tyojux's General Store.
 38574 | Snake:5  | Killed from afar by a greater naga

Action                   |  1- 3 |  4- 6 |  7- 9 | 10-12 | 13-15 | 16-18 || total
-------------------------+-------+-------+-------+-------+-------+-------++-------
Melee: Dagger            |    88 |    63 |       |       |       |       ||   151
       Short sword       |       |   122 |   255 |   784 |  1989 |   110 ||  3260
       Falchion          |       |       |       |       |    82 |       ||    82
 Fire: Blowgun           |    18 |    24 |    67 |   174 |   269 |       ||   552
Throw: Tomahawk          |       |       |       |     3 |    21 |       ||    24
 Cast: Summon Butterflie |       |       |     1 |       |       |       ||     1
Invok: Call Merchant     |       |       |       |     1 |     3 |       ||     4
Evoke: Wand              |       |       |    13 |    11 |    13 |       ||    37
       Stone of tremors  |       |       |       |       |     2 |       ||     2
       Fan of gales      |       |       |       |       |     1 |       ||     1
  Use: Scroll            |     5 |     6 |     8 |    15 |    22 |     1 ||    57
       Potion            |       |       |       |       |    13 |       ||    13
 Stab: Sleeping          |    11 |    27 |    31 |    61 |   166 |     3 ||   299
       Distracted        |       |       |    10 |    28 |    53 |     2 ||    93
       Confused          |       |       |       |     1 |     1 |       ||     2
       Petrified         |       |       |       |       |     2 |       ||     2
       Fleeing           |       |       |       |       |     1 |       ||     1
  Eat: Pizza             |       |     2 |     1 |       |     2 |       ||     5
       Bread ration      |       |       |     1 |     1 |     1 |       ||     3
       Fruit             |       |       |       |     4 |    23 |       ||    27
